 Dungeon Crawl Stone Soup version 0.25-a0-294-gea9b1ad378 (webtiles) character file.

Game seed: 9281039516165029412, levelgen mode: deterministic

72 MoonlitKnight the Poker (level 4, -2/35 HPs)
             Began as a Merfolk Skald on Dec 17, 2019.
             Killed from afar by an orc wizard (3 damage)
             ... with a puff of flame
             ... on level 2 of the Dungeon.
             The game lasted 00:03:46 (1503 turns).

MoonlitKnight the Poker (Merfolk Skald)             Turns: 1503, Time: 00:03:47

Health: -2/35      AC:  9    Str: 12    XL:     4   Next: 26%
Magic:  2/7        EV: 12    Int: 12    God:
Gold:   13         SH:  0    Dex: 13    Spells: 4/7 levels left

rFire    . . .     SeeInvis .   a - +0 spear
rCold    . . .     Gourm    .   (no shield)
rNeg     . . .     Faith    .   e - +0 ring mail
rPois    .         Spirit   .   m - +2 helmet
rElec    .         Reflect  .   (no cloak)
rCorr    .         Harm     .   k - +0 pair of gloves
MR       .....                  (no boots)
Stlth    +.........             (no amulet)
HPRegen  0.11/turn              (no ring)
MPRegen  0.10/turn              (no ring)

@: slowed, very slow
A: change form in water, swift swim, stealthy swim
a: no special abilities


You were on level 2 of the Dungeon.
You were very hungry.

You visited 1 branch of the dungeon, and saw 2 of its levels.

You collected 13 gold pieces.

Inventory:

Hand Weapons
 a - a +0 spear (weapon)
Missiles
 b - 19 sling bullets
Armour
 e - a +0 ring mail (worn)
 k - a +0 pair of gloves (worn)
 m - a +2 helmet (worn)
Jewellery
 c - an uncursed ring of ice {unknown}
 h - an uncursed ring of ice {unknown}
 n - an uncursed ring of fire {unknown}
Scrolls
 f - a scroll of blinking {unknown}
 g - a scroll of remove curse {unknown}
 o - a scroll of amnesia {unknown}
Potions
 i - a potion of haste {unknown}
 j - a potion of curing {unknown}
 l - a potion of lignification {unknown}
Comestibles
 d - 2 rations


   Skills:
 + Level 3.0 Fighting
 * Level 5.0 Polearms
 - Level 0.6 Armour
 + Level 3.6 Dodging
 - Level 2.0 Spellcasting
 - Level 3.2 Charms


You had 4 spell levels left.
You knew the following spells:

 Your Spells              Type           Power        Failure   Level  Hunger
a - Infusion              Chrm           #...         16%         1    ##.....
b - Shroud of Golubria    Chrm/Tloc      #.....       43%         2    ###....

Your spell library contained the following spells:

 Spells                   Type           Power        Failure   Level  Hunger
 Song of Slaying          Chrm           #.......     24%         2    ###....
 Regeneration             Chrm/Necr      #.........   67%         3    ####...
 Spectral Weapon          Hex/Chrm       #.......     67%         3    ####...


Dungeon Overview and Level Annotations

Branches:
Dungeon (2/15)

Altars:

Annotations:
D:2 Sigmund


Message History

The weapon returns to the orc!
The orc closely misses you. The orc hits you with a +0 short sword.
* * * LOW HITPOINT WARNING * * *
Items here: )) [ † a +0 dagger; a cursed +0 robe; a +0 flail; an orc corpse The orc wizard shouts!
You hit the orc.
The orc is moderately wounded.
The orc hits you but does no damage.
You hit the orc.
You kill the orc!
The orc wizard misses you.
The orc wizard hits you but does no damage.
Attack whom?
Press: ? - help, Dir - move target cursor, f - orc wizard
Aim: an orc wizard, wielding a +2 dagger of speed and wearing a +0 robe You hit the orc wizard but do no damage.
The orc wizard points at you and mumbles some strange words.
The puff of flame hits you.
You die...

#.#
#.>........#
#...# #.#
#..........#
##### #.#
############
#.# #.# #.#
#.#
#.###########
#.........@)#
###########o##
#^........#
#.........#
#........[#
#.........#
#.........#
#.........#
#o.J......#


You could see an orc wizard.

Vanquished Creatures
  An orc wizard (D:2)
  An adder (D:2)
  An ooze (D:2)
  A worm (D:2)
  A leopard gecko (D:1)
  2 orcs (D:2)
  A ball python (D:1)
  2 goblins (D:1)
  4 hobgoblins
  4 kobolds
  6 bats
  A frilled lizard (D:2)
  A rat (D:2)
26 creatures vanquished.

Notes
Turn   | Place    | Note
-------+----------+-------------------------------------------
     0 | D:1      | MoonlitKnight the Merfolk Skald began the quest for the
                  | Orb.
     0 | D:1      | Reached XP level 1. HP: 16/16 MP: 3/3
   239 | D:1      | Reached XP level 2. HP: 23/23 MP: 5/5
   871 | D:2      | Reached skill level 4 in Polearms
   955 | D:2      | Noticed Sigmund
   974 | D:2      | Learned a level 2 spell: Shroud of Golubria
  1210 | D:2      | Reached XP level 3. HP: 20/28 MP: 6/6
  1499 | D:2      | Reached skill level 5 in Polearms
  1499 | D:2      | Reached XP level 4. HP: 4/35 MP: 1/7
  1500 | D:2      | HP: 1/35 [orc/+0 short sword (3)]
  1503 | D:2      | Killed from afar by an orc wizard

Levels and vault maps discovered:
D:1:      dpeg_arrival_tiny_d, layout_loops_ring
D:2:      layout_basic, first_ration, uniq_robin, uniq_sigmund

Skill      XL: |  1  2  3 |
---------------+----------+-----
Dodging        | 3 |  3.6
Polearms       | 4 5 |  5.0
Fighting       | 3 |  3.0
Armour         | |  0.6
Spellcasting   | |  2.0
Charms         | |  3.2

Action                   |  1- 3 |  4- 6 || total
-------------------------+-------+-------++-------
Melee: Spear             |   133 |     3 ||   136
 Cast: Infusion          |     3 |       ||     3
       Shroud of Golubri |     2 |       ||     2
 Stab: Sleeping          |     1 |       ||     1
  Eat: Chunk             |     1 |       ||     1
Armor: Leather armour    |     3 |       ||     3
       Ring mail         |    44 |     3 ||    47
Dodge: Dodged            |    60 |     2 ||    62

Table legend:
 A = Non-vault XP
 B = Vault XP
 C = Vault XP percentage of total XP
 D = Non-vault monster count
 E = Vault monster count
 F = Vault count percentage of total count
                 A         B        C        D         E       F
            +---------+---------+-------+---------+---------+-------
      Total |     104 |       0 |   0.0 |      26 |       0 |   0.0
            +---------+---------+-------+---------+---------+-------
        D:1 |      25 |       0 |   0.0 |      14 |       0 |   0.0
        D:2 |      79 |       0 |   0.0 |      12 |       0 |   0.0
            +---------+---------+-------+---------+---------+-------
